 Dungeon Crawl Stone Soup version 0.29-a0-378-gc08b2e8bf8 (webtiles) character file.

Game seed: 18014963226967328308

294 Antichthon the Cudgeller (level 6, -11/38 HPs)
             Began as a Gargoyle Fighter on May 5, 2022.
             Killed by divine providence
             ... invoked by an orc priest
              (14 damage)
             ... on level 4 of the Dungeon.
             The game lasted 00:04:08 (2895 turns).

Antichthon the Cudgeller (Gargoyle Fighter)         Turns: 2895, Time: 00:04:08

Health: -11/38     AC: 16    Str: 20    XL:     6   Next: 34%
Magic:  7/7        EV:  7    Int: 10    God:
Gold:   180        SH:  4    Dex:  9    Spells: 5/5 levels left

rFire   + . .      SeeInvis .   a - +1 flail
rCold   . . .      Faith    .   c - +0 buckler
rNeg    + . .      Spirit   .   f - +0 chain mail
rPois   ∞          Reflect  .   h - +1 helmet of Askuanisa {+Inv rElec rF+}
rElec   +          Harm     .   (no cloak)
rCorr   .          Rampage  .   (no gloves)
Will    .....                   (no boots)
Stlth   ..........              (no amulet)
HPRegen 0.12/turn               (no ring)
MPRegen 0.10/turn               (no ring)

@: mighty
A: sickness immunity, AC +4, negative energy resistance 1, electricity
resistance, torment resistance 1, petrification resistance
a: Evoke Invisibility


You were on level 4 of the Dungeon.
You visited 1 branch of the dungeon, and saw 4 of its levels.

You collected 180 gold pieces.

Inventory:

Hand Weapons
 a - a +1 flail (weapon)
Armour
 c - a +0 buckler (worn)
 f - a +0 chain mail (worn)
 h - the +1 helmet of Askuanisa (worn) {+Inv rElec rF+}
   (You found it on level 3 of the Dungeon)

   rF:        It protects you from fire.
   rElec:     It insulates you from electricity.
   +Inv:      It lets you turn invisible.
Wands
 l - a wand of mindburst (18)
Scrolls
 k - a scroll of teleportation
Potions
 b - 3 potions of curing {unknown}
 g - a potion of lignification {unknown}
 i - a potion of mutation {unknown}
 j - a potion of brilliance {unknown}
 m - a potion of cancellation {unknown}


   Skills:
 * Level 4.0 Fighting
 * Level 4.4 Maces & Flails
 * Level 4.0 Armour
 * Level 1.2 Dodging
 * Level 4.2 Shields
 * Level 1.5 Invocations


You had 5 spell levels left.
You didn't know any spells.
Your spell library was empty.

Dungeon Overview and Level Annotations

Branches:
Dungeon (4/15)
 Temple: D:4-7

Altars:

Annotations:
D:3 2 transporters, Taurus's ghost, weakling MiBe


Innate Abilities, Weirdness & Mutations

You are immune to sickness and miasma.
Your stone body is resilient. (AC +4)
You are immune to poison.
You resist negative energy. (rN+)
You are resistant to electric shocks. (rElec)
You are resistant to unholy torment.
You are immune to petrification.


Message History

You closely miss the scorpion. The scorpion stings you.
* * * LOW HITPOINT WARNING * * *
You feel much better.
The scorpion stings you but does no damage.
The scorpion stings you.
Unknown command.
You barely miss the scorpion. The scorpion stings you.
You hit the scorpion but do no damage.
The scorpion stings you but does no damage.
The orc priest begins to cast a cantrip, but forgets the words!
You sock the scorpion!
The scorpion is heavily wounded.
You block the scorpion's attack.
The orc priest invokes the aid of Beogh against you.
Beogh smites you!
* * * LOW HITPOINT WARNING * * *
The scorpion stings you but does no damage.
Okay, then.
You feel very mighty all of a sudden. The scorpion closely misses you.
Unknown command.
You barely miss the scorpion.
The scorpion is heavily wounded.
The scorpion stings you but does no damage.
An ogre comes into view. It is wielding a +0 giant club.
Unknown command.
You sock the scorpion!
You kill the scorpion!
The orc hits you but does no damage.
Your Fighting skill increases to level 4!
Your Armour skill increases to level 4!
Unknown command.
You hit the orc.
The orc is almost dead.
The orc closely misses you.
You sock the orc!
You kill the orc!
The orc priest invokes the aid of Beogh against you.
Beogh smites you!
You die...

......#.# ###..#
#####.#.# ##.# * #.#.#
#.# * #.#.# #.# * #.#.#
#.### *####.#.####
#...#### ,.....#....##
###....#
####........######....#
..........).oO)l@.....#
.............#####...(#
.......).....# #....#
.............# ######
............>#
.............#
.............#
.......####### .......#


You could see an ogre, an iguana and an orc priest.

Vanquished Creatures
  An ogre (D:3)
  A scorpion (D:4)
  A jelly (D:4)
  Ijyb (D:3)
  2 adders
  2 worms (D:3)
  4 dart slugs
  6 orcs
  An endoplasm (D:1)
  5 goblins
  4 hobgoblins
  7 jackals (D:1)
  9 kobolds
  7 quokkas
  4 ball pythons
  2 bats
  2 frilled lizards
  3 rats (D:1)
62 creatures vanquished.

Notes
Turn   | Place    | Note
-------+----------+-------------------------------------------
     0 | D:1      | Antichthon the Gargoyle Fighter began the quest for the
                  | Orb.
     0 | D:1      | Reached XP level 1. HP: 14/14 MP: 1/1
    54 | D:1      | Reached XP level 2. HP: 18/19 MP: 2/2
   243 | D:1      | Found a faded altar of an unknown god.
   270 | D:1      | Reached XP level 3. HP: 23/23 MP: 3/3
  1393 | D:3      | Identified the +1 helmet of Askuanisa {+Inv rElec rF+}
  1401 | D:3      | Found a transporter.
  1405 | D:3      | Noticed Taurus's ghost (weakling MiBe)
  1666 | D:3      | Reached XP level 4. HP: 27/28 MP: 4/4
  1816 | D:3      | Noticed Ijyb
  1823 | D:3      | Killed Ijyb
  1824 | D:3      | Reached skill level 1 in Invocations
  2231 | D:3      | Found a transporter.
  2515 | D:4      | Reached XP level 5. HP: 33/33 MP: 5/5
  2517 | D:4      | Noticed an ogre
  2542 | D:3      | Killed an ogre
  2543 | D:3      | Reached skill level 1 in Dodging
  2783 | D:4      | Reached XP level 6. HP: 31/38 MP: 7/7
  2895 | D:4      | Killed from afar by an orc priest

Illustrated notes

Levels and vault maps discovered:
D:1:      dpeg_arrival_tiny_a, layout_basic, chequers_ecumenical_altar_island,
          minmay_misc_feat_pillars
D:2:      layout_rooms, chequers_serial_rivers_micro_e, serial_bayou_pond_c
D:3:      layout_loops_corners, gammafunk_ghost_stat_death, uniq_ijyb
D:4:      layout_rooms

Skill      XL: |  1  2  3  4  5  6 |
---------------+-------------------+-----
Maces & Flails | 3 4 |  4.4
Invocations    | 1 |  1.5
Shields        | 4 |  4.2
Dodging        | 1 |  1.2
Fighting       | 4 |  4.0
Armour         | 4 |  4.0

Action                   |  1- 3 |  4- 6 || total
-------------------------+-------+-------++-------
Melee: Flail             |   126 |   107 ||   233
  Use: Scroll            |     3 |     3 ||     6
       Potion            |       |     4 ||     4
Armor: Scale mail        |    46 |       ||    46
       Chain mail        |    18 |    63 ||    81
Dodge: Dodged            |    67 |    35 ||   102
Block: Buckler           |    39 |    22 ||    61

Table legend: (Time is in decaauts)
 A = Elapsed time spent in this place.
 B = Non-inter-level travel time spent in this place.
 C = Inter-level travel time spent in this place.
 D = Time resting spent in this place.
 E = Time spent auto-exploring this place.
 F = Levels seen in this place.
 G = Mean time per level.
                   A        B        C        D        E       F      G
               +--------+--------+--------+--------+--------+-----+--------+
         Total |   2978 |   2924 |     54 |    204 |   2040 |   4 |  744.5 |
       Dungeon |   2978 |   2924 |     54 |    204 |   2040 |   4 |  744.5 |
               +--------+--------+--------+--------+--------+-----+--------+

Top non-repeatable levels by time:
     D:3: 1347 daAuts
     D:1: 823 daAuts
     D:2: 605 daAuts
     D:4: 201 daAuts
